 Dungeon Crawl Stone Soup version 0.31-a0-963-ga325b2283a (webtiles) character file.

Game seed: 10543479669093398825

179 Azuregosa the Covert (level 5, -7/36 HPs)
             Began as an Octopode Delver on Oct 24, 2023.
             Mangled by a gnoll
             ... wielding a +0 halberd
              (11 damage)
             ... on level 2 of the Dungeon.
             The game lasted 00:07:27 (1401 turns).

Azuregosa the Covert (Octopode Delver)              Turns: 1401, Time: 00:07:28

Health: -7/36      AC:  1    Str: 16    XL:     5   Next: 59%
Magic:  5/5        EV: 15    Int: 14    God:
Gold:   88         SH:  0    Dex: 14    Spells: 4/4 levels left

rFire   . . .        j - +8 mace of Ornamental Courage {heavy, rC- Str+5}
rCold   x . .        (no shield)
rNeg    . . .        (helmet restricted)
rPois   .            (no amulet)
rElec   .            (no ring)
rCorr   .            (no ring)
SInv    .            (no ring)
Will    .....        (no ring)
Stlth   +++++        (no ring)
HPRegen 0.26/turn    (no ring)
MPRegen 0.09/turn    (no ring)
                     (no ring)

%: no passive effects
@: no status effects
A: almost no armour, amphibious, 8 rings, camouflage 1, gelatinous body 1,
(nimble swimmer 1), tentacles
a: no special abilities


You were on level 2 of the Dungeon.
You visited 2 branches of the dungeon, and saw 7 of its levels.

You collected 88 gold pieces.

Inventory:

Hand Weapons
 a - a +0 mace
 j - the +8 mace of Ornamental Courage (weapon) {heavy, rC- Str+5}
   (You found it on level 3 of the Dungeon)

   Str+5:     It affects your strength (+5).
   rC-:       It makes you vulnerable to cold.
 s - a +2 dagger of draining
Missiles
 n - 5 poisoned darts
 o - 2 javelins
Magical Staves
 q - a staff of earth
Wands
 f - a wand of digging (3)
 t - a wand of roots (17)
Scrolls
 b - 2 scrolls of fog
 d - a scroll of fear
 g - 2 scrolls of identify {unknown}
 i - 4 scrolls of revelation
 l - 2 scrolls of teleportation {unknown}
 p - a scroll of blinking {unknown}
 u - a scroll of summoning {unknown}
Potions
 c - a potion of enlightenment {unknown}
 e - a potion of haste
 h - a potion of lignification {unknown}
 k - a potion of heal wounds {unknown}
 m - a potion of attraction {unknown}
 r - 2 potions of magic {unknown}


   Skills:
 - Level 3.0 Fighting
 - Level 2.0 Maces & Flails
 + Level 4.7 Dodging
 - Level 8.0 Stealth


You had 4 spell levels left.
You didn't know any spells.
Your spell library contained the following spells:

 Spells                   Type           Power      Damage    Failure   Level
 Call Canine Familiar     Summ           0%         N/A       65%         3
 Sigil of Binding         Hex            0%         N/A       65%         3
 Dimensional Bullseye     Hex/Tloc       0%         N/A       96%         4
 Leda's Liquefaction      Hex/Erth       0%         N/A       96%         4
 Vhi's Electric Charge    Tloc/Air       0%         N/A       96%         4
 Arcjolt                  Conj/Air       0%         1d10      100%        5
 Plasma Beam              Fire/Air       0%         2x1d10    100%        6


Dungeon Overview and Level Annotations

Branches:
Dungeon (6/15)             Temple (1/1) D:4

Altars:
Ashenzari
Elyvilon
Nemelex Xobeh
Okawaru
Qazlal
Sif Muna
Uskayaw
Xom
The Shining One
Lugonu

Annotations:
D:4 Duvessa


Innate Abilities, Weirdness & Mutations

You cannot wear most types of armour.
You are amphibious.
You can wear up to eight rings at the same time.
Your skin changes colour to match your surroundings (Stealth+).
Your rubbery body absorbs attacks. (AC +1, EV +1)
((You are camouflaged when in or above water. (Stealth+)))
You have tentacles for arms and can constrict up to eight enemies at once.


Message History

The gnoll hits you with a +0 club.
The gnoll shouts! x2
You hit the gnoll. Your grab misses the gnoll. You squeeze the gnoll.
The gnoll is moderately wounded.
An adder comes into view.
The gnoll hits you with a +0 club. The gnoll misses you.
The gnoll hits you with a +0 club. The gnoll misses you.
The gnoll attacks as it pursues you! The gnoll hits you with a +0 club.
The gnoll attacks as it pursues you! The gnoll closely misses you.
The gnoll hits you with a +0 club.
The gnoll hits you from afar with a +0 spear.
The gnoll attacks as it pursues you! The gnoll barely misses you.
The gnoll misses you.
The adder hisses angrily.
You bludgeon the gnoll!!
You kill the gnoll!
The gnoll hits you from afar with a +0 spear.
* * * LOW HITPOINT WARNING * * *
The gnoll misses you. The gnoll misses you. The gnoll barely misses you.
Things that are here:
a +0 club; a gnoll corpse You thump the gnoll!
You kill the gnoll!
The gnoll misses you. The gnoll completely misses you.
You hit the endoplasm. You squeeze the endoplasm.
You kill the endoplasm!
The adder closely misses you.
The gnoll hits you from afar with a +0 halberd!
* * * LOW HITPOINT WARNING * * *
The adder completely misses you. The gnoll misses you.
You miss the adder. Your grab misses the adder. The adder closely misses you.
The gnoll barely misses you. The adder misses you.
You closely miss the adder. You grab the adder. You squeeze the adder!
You kill the adder!
The gnoll misses you. The gnoll closely misses you. The rat closely misses you.
You sock the rat!
You kill the rat!
The gnoll hits you from afar with a +0 halberd!
You die...

####### .J..... .......
## ###############g......
.###.......)....@)g......
.....####################
#.###### #......##
........## ..
.........#..)
.........#...
....<........
.............


You could see 2 gnolls.

Vanquished Creatures
  2 hounds (D:4)
  Jessica (D:3)
  4 adders (D:2)
  2 gnolls (D:2)
  A dart slug (D:4)
  5 endoplasms
  6 giant cockroaches
  4 goblins
  4 hobgoblins (D:1)
  A ball python (D:1)
  2 bats
  A frilled lizard (D:3)
  5 kobolds
  6 rats
44 creatures vanquished.

Notes
Turn   | Place    | Note
-------+----------+-------------------------------------------
     0 | D:5      | Azuregosa the Octopode Delver began the quest for the Orb.
     0 | D:5      | Reached XP level 1. HP: 16/16 MP: 1/1
    31 | D:4      | Noticed a hound
    67 | D:4      | Killed a hound
    68 | D:4      | Reached skill level 7 in Stealth
    68 | D:4      | Reached XP level 2. HP: 20/21 MP: 2/2
    68 | D:4      | Reached XP level 3. HP: 24/26 MP: 3/3
    70 | D:4      | Noticed Duvessa
    96 | D:4      | Reached skill level 8 in Stealth
   164 | D:4      | Found a staircase to the Ecumenical Temple.
   192 | Temple   | Entered the Ecumenical Temple
   221 | D:4      | Reached XP level 4. HP: 31/31 MP: 4/4
   222 | D:4      | Noticed a phantom
   227 | D:3      | Noticed Jessica
   234 | D:3      | Killed Jessica
   280 | D:3      | Identified the +8 mace of Ornamental Courage {heavy, rC-
                  | Str+5}
  1221 | D:2      | Reached XP level 5. HP: 36/36 MP: 5/5
  1401 | D:2      | Mangled by a gnoll

Illustrated notes

Levels and vault maps discovered:
D:1:      heliophobic_arrival_battle_scene, layout_basic
D:2:      layout_rooms, kennysheep_generic_room_3
D:3:      layout_basic, nicolae_kite_square_tiling_tiny, uniq_robin,
          uniq_terence, uniq_jessica
D:4:      layout_basic, minmay_temple_entry_purple_smoke, kennysheep_crisscross,
          uniq_duvessa
D:5:      layout_basic, minmay_fractal_squares_gapless_5
D:6:      layout_loops_ring, supply_closet_lemuel, roderic_lattice_a
Temple:   corrupted_temple

Skill      XL: |  1  2  3  4 |
---------------+-------------+-----
Stealth        | 7 8 |  8.0
Dodging        | 4 |  4.7
Fighting       | |  3.0
Maces & Flails | |  2.0

Action                     |  1- 3 |  4- 6 || total
---------------------------+-------+-------++-------
  Melee: Mace              |    11 |    47 ||    58
         Constrict         |     4 |     9 ||    13
         Tentacles         |     2 |     9 ||    11
         Punch             |     1 |       ||     1
    Use: Scroll            |     1 |       ||     1
   Stab: Sleeping          |     1 |     8 ||     9
 Armour: Skin              |     4 |    25 ||    29
  Dodge: Dodged            |    11 |    51 ||    62

Table legend: (Time is in decaauts)
 A = Elapsed time spent in this place.
 B = Non-inter-level travel time spent in this place.
 C = Inter-level travel time spent in this place.
 D = Time resting spent in this place.
 E = Time spent auto-exploring this place.
 F = Levels seen in this place.
 G = Mean time per level.
                   A        B        C        D        E       F      G
               +--------+--------+--------+--------+--------+-----+--------+
         Total |   1444 |   1444 |      0 |     14 |    858 |   7 |  206.3 |
       Dungeon |   1442 |   1442 |      0 |     14 |    858 |   6 |  240.3 |
        Temple |      1 |      1 |      0 |      0 |      0 |   1 |    1.0 |
               +--------+--------+--------+--------+--------+-----+--------+

Top non-repeatable levels by time:
     D:1: 905 daAuts
     D:2: 214 daAuts
     D:4: 211 daAuts
     D:3: 97 daAuts
     D:5: 12 daAuts
  Temple: 1 daAuts
     D:6: 1 daAuts
